 Dungeon Crawl Stone Soup version 0.25-a0-1056-g2efb326896 (webtiles) character file.

Game seed: 16988098413670027233, levelgen mode: deterministic

386 Gwenloh the Stinger (level 6, -2/52 HPs)
             Began as a Naga Venom Mage on May 13, 2020.
             Slain by Edmund
             ... wielding a +2 vorpal flail
              (6 damage)
             ... on level 3 of the Dungeon.
             The game lasted 00:19:59 (3249 turns).

Gwenloh the Stinger (Naga Venom Mage)               Turns: 3249, Time: 00:20:02

Health: -2/52      AC:  3    Str: 10    XL:     6   Next: 78%
Magic:  3/19       EV:  7    Int: 17    God:
Gold:   138        SH:  0    Dex: 12    Spells: 1/11 levels left

rFire    . . .     SeeInvis +   d - +0 dagger
rCold    . . .     Gourm    .   (no shield)
rNeg     . . .     Faith    .   a - +0 robe
rPois    +         Spirit   .   (no helmet)
rElec    .         Reflect  .   (no cloak)
rCorr    .         Harm     .   (no gloves)
MR       .....                  (no barding)
Stlth    ++........             (no amulet)
HPRegen  0.17/turn              j - -3 ring of evasion (curse)
MPRegen  0.16/turn              g - ring of magical power

@: very slightly contaminated, very slow
A: large, see invisible, deformed body, poison resistance, slowness 2, slow
metabolism 1, spit poison 1, AC +2
a: Spit Poison


You were on level 3 of the Dungeon.
You were not hungry.

You visited 1 branch of the dungeon, and saw 4 of its levels.

You collected 138 gold pieces.

Inventory:

Hand Weapons
 d - a +0 dagger (weapon)
Armour
 a - a +0 robe (worn)
Jewellery
 e - an uncursed ring of stealth
 g - a ring of magical power (right hand)
 j - a cursed -3 ring of evasion (left hand)
Wands
 f - a wand of acid (5)
 l - a wand of random effects (4)
Scrolls
 h - a scroll of magic mapping
 o - a scroll of enchant armour
 p - a scroll of teleportation
 r - a scroll of enchant weapon {unknown}
Potions
 b - 2 potions of cancellation {unknown}
 i - 2 potions of heal wounds {unknown}
 k - a potion of resistance {unknown}
 m - a potion of lignification {unknown}
 n - a potion of haste {unknown}
 q - a potion of might {unknown}
 t - a potion of curing {unknown}
Comestibles
 c - 2 rations
 s - a chunk of flesh


   Skills:
 + Level 2.1 Fighting
 + Level 2.6 Dodging
 - Level 3.0 Stealth
 + Level 3.0 Spellcasting
 + Level 2.5 Transmutations
 + Level 2.0 Air Magic
 * Level 6.2 Poison Magic


You had one spell level left.
You knew the following spells:

 Your Spells              Type           Power        Failure   Level  Hunger
a - Sting                 Tmut/Pois      ###.         2%          1    None
b - Poisonous Vapours     Pois/Air       ###...       4%          2    ##.....
c - Olgreb's Toxic Radia  Pois           ###.....     13%         4    ####...
d - Ignite Poison         Fire/Tmut/Pois ##......     16%         3    ###....

Your spell library contained the following spells:

 Spells                   Type           Power        Failure   Level  Hunger
 Mephitic Cloud           Conj/Pois/Air  ##......     17%         3    ###....


Dungeon Overview and Level Annotations

Branches:
Dungeon (4/15)
 Temple: D:4-7

Altars:

Annotations:
D:3 Edmund


Innate Abilities, Weirdness & Mutations

You cannot wear boots.
Your serpentine skin is tough. (AC +2)
You have supernaturally acute eyesight. (SInv)
Armour fits poorly on your strangely shaped body.
Your system is resistant to poisons. (rPois)
You cover ground very slowly.
You have a slow metabolism.
You can spit poison.


Message History

Edmund is heavily wounded.
You have got your breath back.
Edmund hits you but does no damage. The leopard gecko bites you.
* * * LOW HITPOINT WARNING * * *
Casting: Sting (safe; 2% risk of failure)
Confirm with . or Enter, or press ? or * to list all spells.
You miscast Ignite Poison.
You feel rather nauseous for a moment. You resist.
* * * LOW HITPOINT WARNING * * *
The leopard gecko barely misses you. Edmund hits you with a +2 vorpal flail.
* * * LOW HITPOINT WARNING * * *
x2 Evoke which item? (* to show all) (? for menu, Esc to quit)
Aiming: Corrosive Bolt
Press: ? - help, Shift-Dir - straight line The bolt of acid hits Edmund!
Edmund is splashed with acid.
The acid corrodes Edmund!
Edmund is almost dead.
The leopard gecko bites you.
* * * LOW HITPOINT WARNING * * *
Edmund hits you with a +2 vorpal flail.
You die...

.#.#..####.####.### #.# #.#
.#.#..# #.# ##...###.# #.#
......# #.# #.....##.# #.#
.#.#.#####.# #..>.....#####
#.## ...........#
#............####...
##..########
##>.............#### ###.##
#..########.##.# .....########
#@l# #.##.# #...........# #.@#
#####.##.#### #.#..######.#
#..# #.........[..
#.#..######.###..#
#.###.##.####
...........#.)...# #.# #.##.#
#.#..######.###..####.###.##.#
#.#..# #.# #..............#
#.#..# #.####.###.#########
..#..# #.....[....#
###..###########.#####


You could see Edmund (poisoned, corroded) and a leopard gecko.

Vanquished Creatures
  Sigmund (D:2)
  Jessica (D:3)
  Ijyb (D:3)
  A worker ant (D:4)
  Natasha (thrice) (D:2)
  3 gnolls (D:2)
  An adder (D:2)
  2 worms
  2 dart slugs (D:1)
  2 leopard geckos
  An orc (D:3)
  5 bats
  3 giant cockroaches
  7 goblins
  2 hobgoblins (D:3)
  6 jackals
  4 kobolds
  A frilled lizard (D:1)
  A rat (D:1)
47 creatures vanquished.

Notes
Turn   | Place    | Note
-------+----------+-------------------------------------------
     0 | D:1      | Gwenloh the Naga Venom Mage began the quest for the Orb.
     0 | D:1      | Reached XP level 1. HP: 15/15 MP: 3/3
   145 | D:1      | Reached XP level 2. HP: 9/24 MP: 0/5
   336 | D:1      | Learned a level 2 spell: Poisonous Vapours
  1397 | D:2      | Reached XP level 3. HP: 30/30 MP: 6/6
  1448 | D:2      | Noticed Natasha
  1456 | D:2      | Killed Natasha
  1456 | D:2      | Reached skill level 1 in Fighting
  1456 | D:2      | Reached XP level 4. HP: 38/38 MP: 7/7
  1518 | D:2      | Reached skill level 5 in Poison Magic
  1566 | D:2      | Noticed Natasha
  1571 | D:2      | Killed Natasha
  1571 | D:2      | Reached skill level 1 in Air Magic
  1731 | D:2      | Noticed Natasha
  1741 | D:2      | Killed Natasha
  1741 | D:2      | Reached XP level 5. HP: 41/44 MP: 8/8
  1914 | D:2      | Learned a level 4 spell: Olgreb's Toxic Radiance
  1914 | D:2      | Noticed Sigmund
  1927 | D:2      | Killed Sigmund
  1927 | D:2      | Reached XP level 6. HP: 44/52 MP: 10/10
  2253 | D:3      | Reached skill level 6 in Poison Magic
  2268 | D:3      | Learned a level 3 spell: Ignite Poison
  2464 | D:3      | Noticed Jessica
  2467 | D:3      | Killed Jessica
  2689 | D:3      | Noticed Ijyb
  2704 | D:3      | Killed Ijyb
  3179 | D:4      | Noticed a phantom
  3232 | D:4      | Noticed Edmund
  3249 | D:3      | Slain by Edmund

Illustrated notes

Levels and vault maps discovered:
D:1:      psy_arrival_radial01, layout_basic,
          hangedman_abyss_or_decor_lesser_grid
D:2:      layout_rooms, uniq_natasha, uniq_sigmund
D:3:      layout_loops_ring, minmay_misc_feat_four_crosses, uniq_ijyb,
          uniq_jessica
D:4:      layout_basic, grunt_temple_overflow_cloverleaf, uniq_menkaure,
          uniq_edmund

Skill      XL: |  1  2  3  4  5  6 |
---------------+-------------------+-----
Fighting       | 1 2 |  2.1
Dodging        | 2 |  2.6
Poison Magic   | 5 6 |  6.2
Air Magic      | 1 2 |  2.0
Transmutations | 2 |  2.5
Spellcasting   | 3 |  3.0
Stealth        | |  3.0

Action                   |  1- 3 |  4- 6 || total
-------------------------+-------+-------++-------
Melee: Dagger            |    18 |    15 ||    33
 Cast: Sting             |     7 |    14 ||    21
       Poisonous Vapours |    11 |    37 ||    48
       Ignite Poison     |       |     4 ||     4
 Abil: Spit Poison       |    11 |    12 ||    23
Evoke: Wand              |       |     3 ||     3
  Use: Scroll            |       |     3 ||     3
 Stab: Sleeping          |     1 |       ||     1
  Eat: Chunk             |     1 |     9 ||    10
Armor: Robe              |     2 |     4 ||     6
Dodge: Dodged            |    17 |    16 ||    33

Table legend:
 A = Non-vault XP
 B = Vault XP
 C = Vault XP percentage of total XP
 D = Non-vault monster count
 E = Vault monster count
 F = Vault count percentage of total count
                 A         B        C        D         E       F
            +---------+---------+-------+---------+---------+-------
      Total |     239 |     313 |  56.7 |      43 |       4 |   8.5
            +---------+---------+-------+---------+---------+-------
        D:1 |      36 |       0 |   0.0 |      17 |       0 |   0.0
        D:2 |     142 |     240 |  62.8 |      14 |       2 |  12.5
        D:3 |      25 |      73 |  74.5 |      11 |       2 |  15.4
        D:4 |      36 |       0 |   0.0 |       1 |       0 |   0.0
            +---------+---------+-------+---------+---------+-------
